 Dungeon Crawl Stone Soup version 0.31-a0-174-g85c54bcb58 (webtiles) character file.

Game seed: 13976993098782750061

5265 qw the Blocker (level 10, -10/42 HPs)
             Began as a Gargoyle Fighter on June 15, 2023.
             Was a Believer of Okawaru.
             Killed from afar by a wretched star (15 damage)
             ... with a lance of force
             ... on level 2 of the Abyss.
             The game lasted 00:03:58 (7924 turns).

qw the Blocker (Gargoyle Fighter)                   Turns: 7924, Time: 00:03:58

Health: -10/42     AC: 24    Str: 18 (19) XL:     10   Next: 62%
Magic:  8/9        EV:  7    Int: 10      God:    Okawaru [**....]
Gold:   414        SH: 22    Dex:  8 (9)  Spells: 9/9 levels left

rFire   . . .        Y - +3 war axe (freeze)
rCold   . . .        o - +0 tower shield
rNeg    + . .        n - +0 shadow dragon scales
rPois   inf          p - +0 hat {SInv}
rElec   +            f - +0 cloak
rCorr   +            (no gloves)
SInv    +            (no boots)
Will    .....        l - amulet of reflection
Stlth   +++          k - ring of resist corrosion
HPRegen 0.27/turn    (no ring)
MPRegen 0.11/turn

%: random rage (9%), reflection
@: heroic, on berserk cooldown, slowed, very slow
A: sickness immunity, AC +7, negative energy resistance 1, electricity
resistance, torment resistance 1, petrification resistance, [berserk 2],
[deterioration 2], [frail 3], [low MP 3], [weak 2], [no potion heal 2], [subdued
magic 2]
a: Renounce Religion, Heroism


You were on level 2 of the Abyss.
You worshipped Okawaru.
Okawaru was pleased with you.
You visited 3 branches of the dungeon, and saw 10 of its levels.
You visited the Abyss 1 time.
You also visited: Gauntlet.

You collected 554 gold pieces.
You spent 140 gold pieces at shops.


Innate Abilities, Weirdness & Mutations

You are immune to sickness and miasma.
Your stone body is resilient. (AC +7)
You are immune to poison.
You resist negative energy. (rN+)
You are resistant to electric shocks. (rElec)
You are resistant to unholy torment.
You are immune to petrification.
[You have an uncontrollable temper.]
[Your body often deteriorates upon taking damage.]
[You are extremely frail. (-30% HP)]
[Your magical capacity is extremely low. (-30% MP)]
[You are very weak. (Str -4)]
[Potions cannot restore your health.]
[Your spells are easier to cast, but less powerful.]


   Skills:
 - Level 6.0(11.0) Fighting
 + Level 8.7(13.7) Axes
 - Level 1.7(6.7) Throwing
 - Level 5.4(10.4) Armour
 - Level 1.3(6.3) Dodging
 - Level 11.0(16.0) Shields
 - Level 4.2 Invocations


You had 9 spell levels left.
You didn't know any spells.
Your spell library was empty.

Inventory:

Hand Weapons
 c - a +0 morningstar
 m - the +8 hand axe "Taip" {spect, rC- MP+9 SInv}
   (You found it on level 8 of the Dungeon)

   rC:        It makes you vulnerable to cold.
   MP:        It affects your magic capacity (+9).
   SInv:      It lets you see invisible.
 Y - a +3 war axe of freezing (weapon)
Missiles
 g - 3 boomerangs (quivered)
Armour
 f - a +0 cloak (worn)
 n - +0 shadow dragon scales (worn)
 o - a +0 tower shield (worn)
 p - a +0 hat of see invisible (worn)
Jewellery
 k - a ring of resist corrosion (left hand)
 l - an amulet of reflection (around neck)
Scrolls
 h - 3 scrolls of identify
 j - 8 scrolls of teleportation
Potions
 a - 2 potions of lignification
 b - 3 potions of heal wounds
 d - 3 potions of might
 e - a potion of mutation
 i - a potion of curing

Dungeon Overview and Level Annotations

Branches:
Dungeon (8/15)             Temple (1/1) D:7            Lair (1/5) D:8
Gauntlet (visited)

Altars:
Ashenzari
Cheibriados
Elyvilon
Fedhas
Gozag
Hepliaklqana
Kikubaaqudgha
Makhleb
Nemelex Xobeh
Okawaru
Qazlal
Ru
Sif Muna
Trog
Uskayaw
Vehumet
Wu Jian
Xom
Yredelemnul
Zin
The Shining One

Shops:
D:1 *   D:2 ?   D:7 (

Annotations:
D:5 3 runed translucent doors, qw's ghost, novice MiHu
D:7 2 transporters, qw's ghost, novice NaHu Gauntlet 9 transporters


Message History

The soul eater is heavily wounded.
You block the soul eater's attack.
You barely miss the soul eater.
The soul eater is heavily wounded.
The starcursed mass shrieks in your mind.
The soul eater barely misses you.
You hit the soul eater. You freeze the soul eater.
The soul eater is severely wounded.
You hit the soul eater.
The soul eater is severely wounded.
You block the soul eater's attack.
You hit the soul eater.
The soul eater is severely wounded.
The starcursed mass shrieks in your mind.
Your body deteriorates!
You feel weakened. You block the soul eater's attack.
You slash the soul eater!
The soul eater is almost dead.
You hit the soul eater but do no damage.
The soul eater is almost dead.
A starcursed mass splits.
You block the soul eater's attack.
You barely miss the soul eater.
The soul eater is almost dead.
A starcursed mass splits.
You block the soul eater's attack.
You slash the soul eater! You freeze the soul eater.
You kill the soul eater!
Okawaru is honoured by your kill.
You feel your dexterity returning.
You slash the wretched star! You freeze the wretched star.
The wretched star is moderately damaged.
You slash the wretched star! You freeze the wretched star.
The wretched star is moderately damaged.
You are no longer berserk.
You are exhausted.
You feel yourself slow down. A chorus of shrieks assaults your mind.
A starcursed mass splits.
The wretched star glows turbulently.
The lance of force hits you!
You die...

# .#. ####
... ..# ..
##.#.#.# #.
#@*X..#
#...##XX#.#
#.##.# X...
### . #
.##> # ##
## .# .#
##. # .#..
# .#
###.#.. #
### # .#..
.# .. #. .
# . ..# .#


You could see 4 starcursed masses and a wretched star.

Vanquished Creatures
  A soul eater (Abyss:2)
  An orange demon (Abyss:2)
  A rime drake (Lair:1)
  An ice devil (Gauntlet)
  A hornet (D:8)
  3 yaks (D:7)
  A steam dragon (D:7)
  2 water moccasins (D:8)
  6 black bears
  A sky beast (D:7)
  2 centaurs
  2 phantoms (D:6)
  2 kobold brigands (D:8)
  Blork the orc (D:4)
  5 bullfrogs
  6 scorpions
  2 gnoll sergeants
  3 wights (D:8)
  A killer bee (D:8)
  2 electric eels (D:6)
  2 jellies
  An orc priest (D:8)
  4 iguanas
  Jessica (D:2)
  6 orc wizards (D:6)
  10 adders
  13 gnolls
  2 shadow imps
  6 white imps
  An ufetubus (D:5)
  2 worms (D:2)
  4 dart slugs
  25 orcs
  9 endoplasms
  3 giant cockroaches
  3 goblins
  7 hobgoblins
  2 jackals (D:2)
  3 quokkas
  5 ball pythons
  2 bats (D:3)
  4 frilled lizards
  14 kobolds
  6 rats
179 creatures vanquished.

Vanquished Creatures (others)
  An orc (D:6)
1 creature vanquished.

Grand Total: 180 creatures vanquished

Notes
Turn   | Place    | Note
-------+----------+-------------------------------------------
     0 | D:1      | qw the Gargoyle Fighter began the quest for the Orb.
     0 | D:1      | Reached XP level 1. HP: 14/14 MP: 1/1
     0 | D:1      | 0 ||| qw: Version: 0.2-a-29-g511e9b1
     0 | D:1      | 0 ||| qw: Game counter: 5164
     0 | D:1      | 0 ||| qw: Always use a shield: true
     0 | D:1      | 0 ||| qw: God list: Okawaru
     0 | D:1      | 0 ||| qw: Allow faded altars: false
     0 | D:1      | 0 ||| qw: Do Orc after D:15 true
     0 | D:1      | 0 ||| qw: Do second Lair branch before Depths: true
     0 | D:1      | 0 ||| qw: Lair rune preference: random
     0 | D:1      | 0 ||| qw: Plans: Normal, Zot:1-4, Slime:5, God:TSO, Crypt,
                  | Tomb, Abyss, Pan, Hells, Win
     0 | D:1      | 0 ||| PLANNING D:1-11
    64 | D:1      | 64 ||| Stepping ~*~*~tactically~*~*~ (hiding).
    65 | D:1      | 65 ||| Stepping ~*~*~tactically~*~*~ (hiding).
   489 | D:1      | Reached XP level 2. HP: 19/19 MP: 2/2
  1085 | D:1      | Found Eshro's Assorted Antiques.
  1090 | D:1      | 1090 ||| BUYING 3 scrolls labelled TOGREDD DUOTHADUK (78
                  | gold).
  1090 | D:1      | Bought 3 scrolls labelled TOGREDD DUOTHADUK for 78 gold
                  | pieces
  1090 | D:1      | 1090 ||| SHOPLISTING ring of resist corrosion (520 gold,
                  | have 2).
  1090 | D:1      | 1090 ||| SHOPLISTING scroll labelled HANGINT UMICK (26
                  | gold, have 2).
  1090 | D:1      | 1090 ||| SHOPLISTING scroll labelled HOCZIC QUVU (26 gold,
                  | have 2).
  1090 | D:1      | 1090 ||| SHOPLISTING scroll labelled ORODOS KAATUOFF (26
                  | gold, have 2).
  1090 | D:1      | 1090 ||| SHOPLISTING silvery potion (23 gold, have 2).
  1150 | D:1      | 1150 ||| UPGRADING to +0 chain mail.
  1160 | D:1      | 1160 ||| DROPPING +0 scale mail.
  1161 | D:1      | 1161 ||| UPGRADING to ring of resist corrosion.
  1162 | D:1      | 1162 ||| READING scroll labelled ROUMIO QEAJIBO.
  1165 | D:1      | 1165 ||| READING scroll labelled HANGINT UMICK.
  1166 | D:1      | 1166 ||| READING scroll labelled EDUMNOIPP.
  1167 | D:1      | 1167 ||| READING scroll labelled HOCZIC QUVU.
  1168 | D:1      | 1168 ||| READING 3 scrolls labelled TOGREDD DUOTHADUK.
  1169 | D:1      | 1169 ||| READING 2 scrolls of enchant weapon.
  1169 | D:1      | 1169 ||| ENCHANTING +1 war axe.
  1170 | D:1      | 1170 ||| READING scroll of enchant weapon.
  1170 | D:1      | 1170 ||| ENCHANTING +2 war axe.
  1171 | D:1      | 1171 ||| READING 2 scrolls labelled FITUSM DADUNAI.
  1172 | D:1      | 1172 ||| DROPPING scroll of fog.
  1181 | D:2      | Reached skill level 3 in Axes
  1190 | D:2      | Reached XP level 3. HP: 23/23 MP: 3/3
  1213 | D:2      | 1213 ||| Stepping ~*~*~tactically~*~*~ (hiding).
  1215 | D:2      | 1215 ||| Stepping ~*~*~tactically~*~*~ (hiding).
  1224 | D:2      | Noticed Jessica
  1225 | D:2      | 1225 ||| Stepping ~*~*~tactically~*~*~ (stealth).
  1226 | D:2      | 1226 ||| DROPPING +0 club.
  1233 | D:2      | 1233 ||| Stepping ~*~*~tactically~*~*~ (hiding).
  1240 | D:2      | Killed Jessica
  1241 | D:2      | Reached XP level 4. HP: 20/28 MP: 4/4
  1277 | D:2      | Found Soratai's Magic Scroll Boutique.
  1292 | D:2      | 1292 ||| SHOPLISTING scroll of enchant weapon (82 gold,
                  | have 30).
  1292 | D:2      | 1292 ||| BUYING scroll of identify (22 gold).
  1292 | D:2      | Bought a scroll of identify for 22 gold pieces
  1292 | D:2      | 1292 ||| SHOPLISTING scroll of identify (22 gold, have 8).
  1292 | D:2      | 1292 ||| SHOPLISTING scroll of teleportation (33 gold, have
                  | 8).
  1305 | D:2      | Identified the +7 flail of the Protecting Gods {flame,
                  | rElec rN+}
  1307 | D:2      | 1307 ||| DROPPING +0 mace.
  1369 | D:2      | Found a sacrificial altar of Ru.
  1376 | D:2      | 1376 ||| Stepping ~*~*~tactically~*~*~ (hiding).
  1377 | D:2      | 1377 ||| Stepping ~*~*~tactically~*~*~ (hiding).
  1494 | D:2      | 1494 ||| Stepping ~*~*~tactically~*~*~ (hiding).
  1530 | D:2      | 1530 ||| Stepping ~*~*~tactically~*~*~ (stealth).
  1685 | D:2      | 1685 ||| Stepping ~*~*~tactically~*~*~ (stealth).
  1692 | D:2      | 1692 ||| Stepping ~*~*~tactically~*~*~ (stealth).
  1743 | D:2      | Found a faded altar of an unknown god.
  1797 | D:2      | 1797 ||| READING scroll labelled EFOQ WAAROETO.
  1798 | D:2      | 1798 ||| READING scroll labelled JUMOIN DOTICH.
  1799 | D:2      | 1799 ||| READING scroll labelled VEOMAX NILUR.
  1800 | D:2      | 1800 ||| DRINKING 2 silvery potions.
  1801 | D:2      | 1801 ||| DRINKING 2 bubbling green potions.
  1802 | D:2      | 1802 ||| READING 2 scrolls of identify.
  1802 | D:2      | 1802 ||| IDENTIFYING viscous green potion
  1803 | D:2      | 1803 ||| DROPPING potion of berserk rage.
  1952 | D:3      | 1952 ||| Stepping ~*~*~tactically~*~*~ (stealth).
  1958 | D:3      | Reached XP level 5. HP: 32/32 MP: 5/5
  2140 | D:3      | 2140 ||| Stepping ~*~*~tactically~*~*~ (stealth).
  2231 | D:3      | Found an ancient bone altar of Kikubaaqudgha.
  2602 | D:3      | 2602 ||| READING 2 scrolls of identify.
  2602 | D:3      | 2602 ||| IDENTIFYING purple potion
  2735 | D:4      | 2735 ||| Stepping ~*~*~tactically~*~*~ (stealth).
  2850 | D:4      | 2850 ||| Stepping ~*~*~tactically~*~*~ (hiding).
  3011 | D:4      | Found a white marble altar of Elyvilon.
  3038 | D:4      | Noticed Blork the orc
  3045 | D:4      | Killed Blork the orc
  3046 | D:4      | Reached XP level 6. HP: 37/39 MP: 6/6
  3089 | D:4      | 3089 ||| Stepping ~*~*~tactically~*~*~ (stealth).
  3090 | D:4      | 3090 ||| Stepping ~*~*~tactically~*~*~ (stealth).
  3095 | D:4      | 3095 ||| Stepping ~*~*~tactically~*~*~ (stealth).
  3118 | D:4      | 3118 ||| Stepping ~*~*~tactically~*~*~ (stealth).
  3349 | D:4      | 3349 ||| UPGRADING to amulet of reflection.
  3354 | D:4      | 3354 ||| READING scroll labelled FIKKEP DELIA.
  3374 | D:5      | Entered Level 5 of the Dungeon
  3415 | D:5      | 3415 ||| Stepping ~*~*~tactically~*~*~ (hiding).
  3421 | D:5      | 3421 ||| Stepping ~*~*~tactically~*~*~ (hiding).
  3518 | D:5      | Noticed a black bear
  3524 | D:5      | Killed a black bear
  3560 | D:5      | Reached skill level 6 in Axes
  3560 | D:5      | Reached XP level 7. HP: 40/44 MP: 7/7
  3622 | D:5      | Found a broken altar of Ashenzari.
  3622 | D:5      | Found a sacrificial altar of Ru.
  3692 | D:5      | Reached skill level 1 in Dodging
  3709 | D:5      | Found a runed translucent gate.
  3709 | D:5      | Found a runed translucent gate.
  3709 | D:5      | Found a runed translucent gate.
  3710 | D:5      | Found an opulent altar of Gozag.
  3710 | D:5      | Noticed a two-headed ogre
  3711 | D:5      | Noticed qw's ghost (novice MiHu)
  3711 | D:5      | Noticed a wraith
  3953 | D:5      | 3953 ||| UPGRADING to +0 cloak.
  3958 | D:5      | 3958 ||| UPGRADING to +0 shadow dragon scales.
  3968 | D:5      | 3968 ||| DROPPING +0 chain mail.
  3969 | D:5      | 3969 ||| READING scroll labelled HAOLUW UCEH.
  4001 | D:6      | 4001 ||| STAIRDANCE
  4133 | D:6      | 4133 ||| Stepping ~*~*~tactically~*~*~ (stealth).
  4135 | D:6      | 4135 ||| Stepping ~*~*~tactically~*~*~ (stealth).
  4137 | D:6      | 4137 ||| Stepping ~*~*~tactically~*~*~ (stealth).
  4139 | D:6      | 4139 ||| Stepping ~*~*~tactically~*~*~ (stealth).
  4240 | D:6      | 4240 ||| DRINKING 3 potions of curing.
  4240 | D:6      | 4240 ||| (to cure confusion)
  4241 | D:6      | 4241 ||| DRINKING 2 potions of curing.
  4241 | D:6      | 4241 ||| (to cure confusion)
  4243 | D:6      | Reached XP level 8. HP: 45/48 MP: 8/8
  4322 | D:6      | 4322 ||| Stepping ~*~*~tactically~*~*~ (stealth).
  4323 | D:6      | 4323 ||| Stepping ~*~*~tactically~*~*~ (stealth).
  4328 | D:6      | 4328 ||| Stepping ~*~*~tactically~*~*~ (stealth).
  4368 | D:6      | Reached skill level 1 in Throwing
  4370 | D:6      | 4370 ||| DRINKING potion of curing.
  4370 | D:6      | 4370 ||| (to cure confusion)
  4408 | D:6      | Found a hide-covered altar of Uskayaw.
  4497 | D:6      | 4497 ||| Stepping ~*~*~tactically~*~*~ (stealth).
  4499 | D:6      | 4499 ||| Stepping ~*~*~tactically~*~*~ (hiding).
  4506 | D:6      | 4506 ||| Stepping ~*~*~tactically~*~*~ (hiding).
  4512 | D:6      | 4512 ||| Stepping ~*~*~tactically~*~*~ (hiding).
  4666 | D:6      | 4666 ||| Stepping ~*~*~tactically~*~*~ (stealth).
  4668 | D:6      | 4668 ||| Stepping ~*~*~tactically~*~*~ (hiding).
  4669 | D:6      | 4669 ||| Stepping ~*~*~tactically~*~*~ (hiding).
  4706 | D:6      | 4706 ||| DRINKING potion of curing.
  4706 | D:6      | 4706 ||| (to cure confusion)
  4766 | D:6      | 4766 ||| Stepping ~*~*~tactically~*~*~ (stealth).
  4768 | D:6      | 4768 ||| Stepping ~*~*~tactically~*~*~ (stealth).
  4799 | D:6      | 4799 ||| Stepping ~*~*~tactically~*~*~ (stealth).
  4801 | D:6      | 4801 ||| Stepping ~*~*~tactically~*~*~ (stealth).
  4803 | D:6      | 4803 ||| Stepping ~*~*~tactically~*~*~ (stealth).
  4805 | D:6      | 4805 ||| Stepping ~*~*~tactically~*~*~ (stealth).
  4807 | D:6      | 4807 ||| Stepping ~*~*~tactically~*~*~ (stealth).
  4809 | D:6      | 4809 ||| Stepping ~*~*~tactically~*~*~ (stealth).
  4811 | D:6      | 4811 ||| Stepping ~*~*~tactically~*~*~ (stealth).
  4813 | D:6      | 4813 ||| Stepping ~*~*~tactically~*~*~ (stealth).
  4815 | D:6      | 4815 ||| Stepping ~*~*~tactically~*~*~ (stealth).
  4817 | D:6      | 4817 ||| Stepping ~*~*~tactically~*~*~ (stealth).
  4819 | D:6      | 4819 ||| Stepping ~*~*~tactically~*~*~ (stealth).
  4821 | D:6      | 4821 ||| Stepping ~*~*~tactically~*~*~ (stealth).
  4823 | D:6      | 4823 ||| Stepping ~*~*~tactically~*~*~ (stealth).
  4825 | D:6      | 4825 ||| Stepping ~*~*~tactically~*~*~ (stealth).
  4827 | D:6      | 4827 ||| Stepping ~*~*~tactically~*~*~ (stealth).
  4829 | D:6      | 4829 ||| Stepping ~*~*~tactically~*~*~ (stealth).
  4837 | D:6      | Reached skill level 6 in Fighting
  5009 | D:6      | 5009 ||| UPGRADING to +0 tower shield.
  5019 | D:6      | 5019 ||| DROPPING +0 buckler.
  5020 | D:6      | 5020 ||| READING scroll labelled POBLOLEGGE.
  5021 | D:6      | 5021 ||| READING 4 scrolls of identify.
  5021 | D:6      | 5021 ||| IDENTIFYING sedimented coppery potion
  5185 | D:7      | 5185 ||| Stepping ~*~*~tactically~*~*~ (stealth).
  5197 | D:7      | Reached skill level 4 in Shields
  5279 | D:7      | Noticed qw's ghost (novice NaHu)
  5313 | D:7      | Reached skill level 5 in Shields
  5313 | D:7      | Reached XP level 9. HP: 45/55 MP: 9/9
  5365 | D:7      | Found a flagged portal.
  5366 | D:7      | 5366 ||| Stepping ~*~*~tactically~*~*~ (stealth).
  5368 | D:7      | 5368 ||| Stepping ~*~*~tactically~*~*~ (stealth).
  5370 | D:7      | 5370 ||| Stepping ~*~*~tactically~*~*~ (stealth).
  5372 | D:7      | 5372 ||| Stepping ~*~*~tactically~*~*~ (stealth).
  5374 | D:7      | 5374 ||| Stepping ~*~*~tactically~*~*~ (stealth).
  5389 | D:7      | Reached skill level 6 in Shields
  5395 | D:7      | Reached skill level 7 in Shields
  5497 | D:7      | Found a transporter.
  5525 | D:7      | Found a transporter.
  5552 | D:7      | 5552 ||| Stepping ~*~*~tactically~*~*~ (stealth).
  5554 | D:7      | 5554 ||| Stepping ~*~*~tactically~*~*~ (stealth).
  5556 | D:7      | 5556 ||| Stepping ~*~*~tactically~*~*~ (stealth).
  5558 | D:7      | 5558 ||| Stepping ~*~*~tactically~*~*~ (stealth).
  5560 | D:7      | 5560 ||| Stepping ~*~*~tactically~*~*~ (stealth).
  5562 | D:7      | 5562 ||| Stepping ~*~*~tactically~*~*~ (hiding).
  5672 | D:7      | Found a staircase to the Ecumenical Temple.
  5673 | D:7      | 5673 ||| PLANNING TEMPLE
  5673 | D:7      | 5673 ||| READING scroll labelled PUESU EGAJ.
  5674 | D:7      | 5674 ||| READING 3 scrolls of identify.
  5674 | D:7      | 5674 ||| IDENTIFYING emerald potion
  5675 | D:7      | 5675 ||| DROPPING potion of invisibility.
  5682 | Temple   | Entered the Ecumenical Temple
  5683 | Temple   | 5683 ||| PLANNING OKAWARU WORSHIP
  5869 | Temple   | Became a worshipper of Warmaster Okawaru
  5870 | Temple   | 5870 ||| PLANNING D:1-11
  6219 | D:7      | Found Uditogumm's Weapon Emporium.
  6228 | D:7      | 6228 ||| BUYING +0 morningstar (40 gold).
  6228 | D:7      | Bought a +0 morningstar for 40 gold pieces
  6228 | D:7      | 6228 ||| DROPPING +7 flail of the Protecting Gods {flame,
                  | rElec rN+}.
  6355 | D:8      | Reached skill level 8 in Shields
  6577 | D:8      | Reached skill level 9 in Shields
  6579 | D:8      | Reached * piety under Okawaru
  6580 | D:8      | 6580 ||| INVOKING Heroism.
  6592 | D:8      | Reached skill level 10 in Shields
  6663 | D:8      | 6663 ||| FLEEEEING.
  6725 | D:8      | Found a staircase to the Lair.
  6728 | D:8      | 6728 ||| Stepping ~*~*~tactically~*~*~ (stealth).
  6729 | D:8      | 6729 ||| Stepping ~*~*~tactically~*~*~ (stealth).
  6731 | D:8      | 6731 ||| Stepping ~*~*~tactically~*~*~ (stealth).
  6743 | D:8      | Reached XP level 10. HP: 60/60 MP: 10/10
  6753 | D:8      | Reached skill level 1 in Invocations
  6801 | D:8      | 6801 ||| Stepping ~*~*~tactically~*~*~ (stealth).
  6858 | D:8      | 6858 ||| Stepping ~*~*~tactically~*~*~ (stealth).
  6860 | D:8      | 6860 ||| Stepping ~*~*~tactically~*~*~ (stealth).
  6862 | D:8      | 6862 ||| Stepping ~*~*~tactically~*~*~ (stealth).
  6864 | D:8      | 6864 ||| Stepping ~*~*~tactically~*~*~ (stealth).
  6866 | D:8      | 6866 ||| Stepping ~*~*~tactically~*~*~ (stealth).
  6869 | D:8      | 6869 ||| Stepping ~*~*~tactically~*~*~ (stealth).
  6877 | D:8      | 6877 ||| INVOKING Heroism.
  6948 | D:8      | 6948 ||| Stepping ~*~*~tactically~*~*~ (stealth).
  6950 | D:8      | 6950 ||| Stepping ~*~*~tactically~*~*~ (stealth).
  6952 | D:8      | 6952 ||| Stepping ~*~*~tactically~*~*~ (stealth).
  6953 | D:8      | 6953 ||| Stepping ~*~*~tactically~*~*~ (stealth).
  6955 | D:8      | 6955 ||| Stepping ~*~*~tactically~*~*~ (stealth).
  6959 | D:8      | 6959 ||| Stepping ~*~*~tactically~*~*~ (stealth).
  6961 | D:8      | 6961 ||| Stepping ~*~*~tactically~*~*~ (stealth).
  7131 | D:8      | Reached skill level 3 in Invocations
  7313 | D:8      | 7313 ||| Stepping ~*~*~tactically~*~*~ (hiding).
  7350 | D:8      | 7350 ||| Stepping ~*~*~tactically~*~*~ (hiding).
  7426 | D:8      | Identified the +8 hand axe "Taip" {spect, rC- MP+9 SInv}
  7429 | D:8      | 7429 ||| PLANNING LAIR
  7473 | Lair:1   | Entered Level 1 of the Lair of Beasts
  7474 | Lair:1   | 7474 ||| PLANNING GAUNTLET
  7478 | Lair:1   | Reached skill level 11 in Shields
  7485 | Lair:1   | Found a gate leading to a gauntlet.
  7493 | Gauntlet | Entered a Gauntlet
  7493 | Gauntlet | Found a transporter.
  7493 | Gauntlet | Found a transporter.
  7493 | Gauntlet | Found a transporter.
  7494 | Gauntlet | Found a transporter.
  7497 | Gauntlet | Found a transporter.
  7497 | Gauntlet | Found a transporter.
  7506 | Gauntlet | Noticed a wizard
  7507 | Gauntlet | Noticed a fire crab
  7507 | Gauntlet | Noticed a wizard
  7509 | Gauntlet | Found a transporter.
  7511 | Gauntlet | Found a transporter.
  7513 | Gauntlet | Noticed a torpor snail
  7521 | Gauntlet | Found a transporter.
  7521 | Gauntlet | Noticed a four-headed hydra
  7525 | Gauntlet | Found a transporter.
  7630 | Gauntlet | Found a transporter.
  7632 | Gauntlet | Found a transporter.
  7635 | Gauntlet | Noticed an apocalypse crab
  7731 | Gauntlet | 7731 ||| UPGRADING to +0 hat of see invisible.
  7751 | Abyss:2  | Cast into level 2 of the Abyss (a wizard)
  7814 | Abyss:2  | Found a corrupted altar of Lugonu.
  7815 | Abyss:2  | 7815 ||| Stepping ~*~*~tactically~*~*~ (stealth).
  7821 | Abyss:2  | 7821 ||| Stepping ~*~*~tactically~*~*~ (stealth).
  7834 | Abyss:2  | 7834 ||| Stepping ~*~*~tactically~*~*~ (stealth).
  7836 | Abyss:2  | 7836 ||| Stepping ~*~*~tactically~*~*~ (stealth).
  7839 | Abyss:2  | 7839 ||| Stepping ~*~*~tactically~*~*~ (stealth).
  7842 | Abyss:2  | 7842 ||| Stepping ~*~*~tactically~*~*~ (stealth).
  7848 | Abyss:2  | 7848 ||| Stepping ~*~*~tactically~*~*~ (stealth).
  7849 | Abyss:2  | 7849 ||| Stepping ~*~*~tactically~*~*~ (stealth).
  7871 | Abyss:2  | Found a corrupted altar of Lugonu.
  7890 | Abyss:2  | Noticed an orange demon
  7891 | Abyss:2  | 7891 ||| Stepping ~*~*~tactically~*~*~ (stealth).
  7892 | Abyss:2  | 7892 ||| Stepping ~*~*~tactically~*~*~ (stealth).
  7894 | Abyss:2  | Noticed a soul eater
  7898 | Abyss:2  | Noticed a wretched star
  7899 | Abyss:2  | Killed an orange demon
  7905 | Abyss:2  | 7905 ||| INVOKING Heroism.
  7913 | Abyss:2  | Noticed a starcursed mass
  7922 | Abyss:2  | Killed a soul eater
  7922 | Abyss:2  | Reached ** piety under Okawaru
  7924 | Abyss:2  | HP: 5/42 [starcursed mass/accursed screaming (7)]
  7924 | Abyss:2  | Killed from afar by a wretched star

Levels and vault maps discovered:
D:1:      spicycebolla_arrival_clurvy, layout_basic, serial_shops, shop,
          minmay_cupped
D:2:      cheibrodos_old_hovel, layout_rooms, ebering_ecumenical_altar_rust,
          basic_altar, serial_shops, shop, uniq_jessica
D:3:      minmay_razor_zed, layout_basic, overflow_temple_1_default
D:4:      layout_basic, elyvilon_altar_5, minmay_misc_feat_room,
          minmay_misc_feat_enclosed, supply_closet_lemuel, uniq_blork_the_orc
D:5:      layout_cave_pools, nicolae_overflow_two_pavilions, ebering_ghost_gozag
D:6:      layout_loops_ring, mainiacjoe_overflow_cross_hatched,
          kennysheep_cross_room, kennysheep_windowed_goal
D:7:      layout_cave_pods, minmay_temple_entry_purple_smoke, enter_bailey_6,
          serial_shops, nicolae_shop_trees, gammafunk_ghost_stat_death
D:8:      layout_basic, due_lair_maze_entry_diamond
Temple:   nicolae_temple_bog_church
Lair:1:   layout_gridlike, gauntlet_entry_generic, gammafunk_ghost_arena,
          infiniplex_staircase_pool
Abyss:2:  base: Gauntlet, spicy_abyss_planar_alliance
Gauntlet: gammafunk_gauntlet_hard_choice [nicolae_gauntlet_swirl,
          gammafunk_gauntlet_arena_corners, gammafunk_gauntlet_arena_teeth,
          gammafunk_gauntlet_arena_split_x, nicolae_gauntlet_arena_flowing_pool,
          gammafunk_gauntlet_arena_mazey, dreamdust_gauntlet_exit_labyrinth]

Skill      XL: |  1  2  3  4  5  6  7  8  9 10 |
---------------+-------------------------------+-----
Axes           | 2 3 4 5 6 7 8 |  8.7
Fighting       | 4 6 |  6.0
Dodging        | 1 |  1.3
Armour         | 4 5 |  5.4
Throwing       | 1 |  1.7
Shields        | 5 10 11 | 11.0
Invocations    | 4 |  4.2

Action                     |  1- 3 |  4- 6 |  7- 9 | 10-12 || total
---------------------------+-------+-------+-------+-------++-------
  Melee: War axe           |    68 |   130 |   245 |    93 ||   536
  Throw: Boomerang         |       |       |    36 |    16 ||    52
 Invoke: Heroism           |       |       |     1 |     2 ||     3
    Use: Scroll            |     8 |     6 |     5 |       ||    19
         Potion            |       |     2 |     4 |       ||     6
 Armour: Scale mail        |    25 |       |       |       ||    25
         Chain mail        |     8 |    49 |     3 |       ||    60
         Shadow dragon sca |       |       |   143 |    23 ||   166
  Dodge: Dodged            |    30 |    30 |    46 |     9 ||   115
  Block: Buckler           |     6 |    30 |    56 |       ||    92
         Tower shield      |       |       |   130 |    80 ||   210
         Reflection        |       |       |     4 |     4 ||     8

Table legend:
 A = Non-vault XP
 B = Vault XP
 C = Vault XP percentage of total XP
 D = Non-vault monster count
 E = Vault monster count
 F = Vault count percentage of total count
                 A         B        C        D         E       F
            +---------+---------+-------+---------+---------+-------
      Total |    5438 |    2084 |  27.7 |     147 |      32 |  17.9
            +---------+---------+-------+---------+---------+-------
        D:1 |      15 |       2 |  11.8 |       9 |       2 |  18.2
        D:2 |      85 |      39 |  31.5 |      22 |       2 |   8.3
        D:3 |      50 |      30 |  37.5 |      15 |       9 |  37.5
        D:4 |      42 |      96 |  69.6 |       9 |       1 |  10.0
        D:5 |     619 |       0 |   0.0 |      13 |       0 |   0.0
        D:6 |    1005 |      35 |   3.4 |      31 |       1 |   3.1
        D:7 |    1204 |       0 |   0.0 |      10 |       0 |   0.0
        D:8 |     864 |    1506 |  63.5 |      33 |      12 |  26.7
     Lair:1 |     351 |       0 |   0.0 |       1 |       0 |   0.0
    Abyss:2 |    1203 |       0 |   0.0 |       4 |       0 |   0.0
   Gauntlet |       0 |     376 | 100.0 |       0 |       5 | 100.0
            +---------+---------+-------+---------+---------+-------
